[Event "EYTCC U18 Open 2019"]
[Site "Pardubice"]
[Date "2019.07.15"]
[Round "5.16"]
[White "Matis, Tibor"]
[Black "YAVUZ, Sevki Batuhan"]
[Result "1/2-1/2"]
[ECO "C50"]
[WhiteElo "1862"]
[BlackElo "1647"]
[Annotator "NA"]
[PlyCount "127"]
[EventDate "2019.07.11"]
[EventType "swiss"]
[EventCountry "CZE"]
[SourceTitle "playchess.com"]
[Source "ChessBase"]
[SourceQuality "1"]
[WhiteTeam "Slovakia"]
[WhiteTeamCountry "SVK"]
[TimeControl "40/5400+30:1800+30"]

1. e4 e5 2. Nf3 Nf6 3. Nc3 Nc6 4. Bc4 Bc5 5. O-O O-O 6. d3 h6 7. Be3 Bxe3 8. fxe3 d6 9. h3 Na5 10. Bb3 Nxb3 11. axb3 Re8 12. Qe2 d5 13. exd5 Nxd5 14. Nxd5 Qxd5 15. e4 Qc5+ 16. Kh1 Bd7 17. Qd2 b6 18. b4 Qd6 19. Nh4 Qe7 20. Nf5 Bxf5 21. Rxf5 g6 22. Rf3 Kg7 23. Raf1 Rf8 24. Qc3 a5 25. b5 f6 26. Rd1 Rfd8 27. Qa3 Rd7 28. Qxe7+ Rxe7 29. Kg1 Rd8 30. c3 Red7 31. Kf2 Kf7 32. Ke3 Ke6 33. g4 Rf7 34. Rg1 Rdf8 35. d4 Rd8 36. h4 Rdf8 37. Rf2 Rd8 38. dxe5 fxe5 39. Rxf7 Kxf7 40. Rf1+ Ke7 41. g5 hxg5 42. hxg5 Rh8 43. Kd3 Rh5 44. Rg1 Ke6 45. Rg3 Kd6 46. b4 axb4 47. cxb4 Ke6 48. Kc4 Rh4 49. Kd3 Ke7 50. Ke3 Rh1 51. Kd3 Rd1+ 52. Kc3 Re1 53. Kd3 Rb1 54. Kc3 Ra1 55. Rg2 Rd1 56. Rg3 Rd4 57. Rg4 Rd1 58. Rg3 Rc1+ 59. Kd3 Kd7 60. Rg2 Rd1+ 61. Kc3 Rd4 62. Rd2 Rxd2 63. Kxd2 c6 64. Kc3 1/2-1/2

[Event "EYTCC U18 Open 2019"]
[Site "Pardubice"]
[Date "2019.07.15"]
[Round "5.25"]
[White "Erenberg, Ariel"]
[Black "Engel, Luis"]
[Result "1/2-1/2"]
[ECO "D39"]
[WhiteElo "2442"]
[BlackElo "2509"]
[Annotator "ChessBase"]
[PlyCount "50"]
[EventDate "2019.07.11"]
[EventType "swiss"]
[EventCountry "CZE"]
[SourceTitle "playchess.com"]
[Source "ChessBase"]
[SourceQuality "1"]
[WhiteTeam "Israel"]
[BlackTeam "Germany"]
[WhiteTeamCountry "ISR"]
[BlackTeamCountry "GER"]
[TimeControl "40/5400+30:1800+30"]

1. d4 Nf6 2. c4 e6 3. Nf3 d5 4. Nc3 Bb4 5. Bg5 dxc4 6. e4 c5 7. Bxc4 cxd4 8. Nxd4 Bxc3+ 9. bxc3 Qa5 10. Bxf6 Qxc3+ 11. Kf1 gxf6 12. Rc1 Qa5 13. Bb5+ Ke7 14. e5 fxe5 15. Qh5 Nd7 16. Qg5+ Kf8 17. Rxc8+ Rxc8 18. Bxd7 Qd8 19. Nxe6+ fxe6 20. Qh6+ Kf7 21. Qxe6+ Kf8 22. Qh6+ Ke7 23. Qe6+ Kf8 24. Qh6+ Ke7 25. Qe6+ Kf8 1/2-1/2

[Event "EYTCC U18 Open 2019"]
[Site "Pardubice"]
[Date "2019.07.15"]
[Round "5.26"]
[White "Buckels, Valentin"]
[Black "Gorshtein, Ido"]
[Result "1-0"]
[ECO "A05"]
[WhiteElo "2451"]
[BlackElo "2367"]
[Annotator "ChessBase"]
[PlyCount "181"]
[EventDate "2019.07.11"]
[EventType "swiss"]
[EventCountry "CZE"]
[SourceTitle "playchess.com"]
[Source "ChessBase"]
[SourceQuality "1"]
[WhiteTeam "Germany"]
[BlackTeam "Israel"]
[WhiteTeamCountry "GER"]
[BlackTeamCountry "ISR"]
[TimeControl "40/5400+30:1800+30"]

1. Nf3 Nf6 2. g3 d5 3. Bg2 g6 4. d4 Bg7 5. c4 c6 6. Nbd2 O-O 7. O-O a5 8. b3 Bf5 9. Nh4 Be6 10. Bb2 a4 11. Qc2 a3 12. Bc3 c5 13. dxc5 d4 14. Bb4 Nc6 15. Bxc6 bxc6 16. Ndf3 Qb8 17. Bd2 Rd8 18. Rad1 Bh3 19. Rfe1 e5 20. Ng5 Bg4 21. f3 Bd7 22. e3 h6 23. Ne4 Nxe4 24. Qxe4 Be6 25. Qxc6 Bxc4 26. bxc4 Qb2 27. Qb5 Qxa2 28. c6 dxe3 29. c7 Rdc8 30. Bxe3 Rxc7 31. c5 Qe6 32. Rd6 Qc8 33. Ra1 a2 34. Qe2 Rca7 35. Rd2 Qe6 36. c6 Ra4 37. c7 e4 38. Raxa2 Rxa2 39. Rxa2 Rxa2 40. Qxa2 Qxa2 41. c8=Q+ Kh7 42. fxe4 Qb1+ 43. Qc1 Qxe4 44. Qd2 Qc6 45. Qf2 Qd5 46. Nf3 Qd1+ 47. Kg2 Qd3 48. h4 Qe4 49. Kh2 Qf5 50. Nd2 Qd5 51. Qf3 Qa2 52. Qe4 Qa5 53. Nf3 Qa2+ 54. Kh3 Qe2 55. Nh2 Qe1 56. Qf3 Qc3 57. Ng4 Qc8 58. Kh2 Qe6 59. Qf4 Qa2+ 60. Kg1 Qb1+ 61. Bc1 h5 62. Nf2 Qc2 63. Be3 Qb1+ 64. Kg2 Qa2 65. Qe4 Qe2 66. Qf4 Qa2 67. Kf3 Kg8 68. Ne4 Qd5 69. Kf2 Qa2+ 70. Kg1 Qb1+ 71. Kh2 Qa2+ 72. Bf2 Qb2 73. Qd2 Qxd2 74. Nxd2 Kf8 75. Bc5+ Ke8 76. Ne4 Kd7 77. Kg2 Ke6 78. Ng5+ Kd5 79. Ba3 f6 80. Bb2 Kd6 81. Kf3 Ke7 82. Ke2 Bh6 83. Ne4 Bg7 84. Kf3 Ke6 85. Bc3 Ke7 86. Bd4 Ke6 87. Bb2 Ke7 88. Nc3 Ke6 89. Ne2 Kf5 90. Nf4 Bh6 91. Nd5 1-0

[Event "EYTCC U18 Open 2019"]
[Site "Pardubice"]
[Date "2019.07.15"]
[Round "5.28"]
[White "Schmidek, Emil"]
[Black "Globus, Or"]
[Result "1-0"]
[ECO "C77"]
[WhiteElo "2391"]
[BlackElo "2352"]
[Annotator "ChessBase"]
[PlyCount "81"]
[EventDate "2019.07.11"]
[EventType "swiss"]
[EventCountry "CZE"]
[SourceTitle "playchess.com"]
[Source "ChessBase"]
[SourceQuality "1"]
[WhiteTeam "Germany"]
[BlackTeam "Israel"]
[WhiteTeamCountry "GER"]
[BlackTeamCountry "ISR"]
[TimeControl "40/5400+30:1800+30"]

1. e4 e5 2. Nf3 Nc6 3. Bb5 a6 4. Ba4 Nf6 5. d3 Bc5 6. c3 d6 7. O-O O-O 8. Bg5 Ba7 9. Nbd2 h6 10. Bh4 g5 11. Bg3 Nh7 12. h3 Ne7 13. d4 f6 14. Re1 Kh8 15. Nf1 g4 16. hxg4 Bxg4 17. N1h2 Bh5 18. Qd2 Ng5 19. Bd1 Bg6 20. Nh4 Bh7 21. Bh5 c5 22. dxe5 dxe5 23. Qc2 c4 24. Rad1 Qc7 25. Kh1 Rad8 26. f3 Kg7 27. Ng4 b5 28. Bf2 Bxf2 29. Qxf2 Rd6 30. Ne3 Rfd8 31. Qe2 Ne6 32. g3 Nc5 33. Bg4 Na4 34. Rxd6 Rxd6 35. Bf5 Rd3 36. f4 exf4 37. Qg4+ Kf8 38. gxf4 Nxf5 39. Nexf5 h5 40. Qxh5 Qxf4 41. Ng6+ 1-0

[Event "EYTCC U18 Open 2019"]
[Site "Pardubice"]
[Date "2019.07.15"]
[Round "5.29"]
[White "Blohberger, Felix"]
[Black "Van Foreest, Lucas"]
[Result "0-1"]
[ECO "A21"]
[WhiteElo "2476"]
[BlackElo "2521"]
[Annotator "ChessBase"]
[PlyCount "54"]
[EventDate "2019.07.11"]
[EventType "swiss"]
[EventCountry "CZE"]
[SourceTitle "playchess.com"]
[Source "ChessBase"]
[SourceQuality "1"]
[WhiteTeam "Austria"]
[BlackTeam "Netherlands"]
[WhiteTeamCountry "AUT"]
[BlackTeamCountry "NED"]
[TimeControl "40/5400+30:1800+30"]

1. c4 e5 2. Nc3 d6 3. d4 Nd7 4. Nf3 g6 5. e4 Bg7 6. Be2 Ne7 7. h4 h6 8. d5 f5 9. h5 g5 10. exf5 Nxf5 11. Nd2 e4 12. Ndxe4 O-O 13. O-O Ne5 14. Ng3 Nxg3 15. fxg3 Rxf1+ 16. Qxf1 Ng4 17. Bxg4 Bxg4 18. Be3 Bxh5 19. Qf2 Qf6 20. Nb5 Re8 21. Nxc7 Rxe3 22. Qxe3 Qxb2 23. Rd1 Be5 24. Rd3 Bg6 25. Kh2 Qc2 26. Rb3 Be4 27. Qg1 Qe2 0-1

[Event "EYTCC U18 Open 2019"]
[Site "Pardubice"]
[Date "2019.07.15"]
[Round "5.30"]
[White "Schoppen, Casper"]
[Black "Horvath, Dominik"]
[Result "1-0"]
[ECO "D38"]
[WhiteElo "2493"]
[BlackElo "2424"]
[Annotator "ChessBase"]
[PlyCount "75"]
[EventDate "2019.07.11"]
[EventType "swiss"]
[EventCountry "CZE"]
[SourceTitle "playchess.com"]
[Source "ChessBase"]
[SourceQuality "1"]
[WhiteTeam "Netherlands"]
[BlackTeam "Austria"]
[WhiteTeamCountry "NED"]
[BlackTeamCountry "AUT"]
[TimeControl "40/5400+30:1800+30"]

1. d4 Nf6 2. c4 e6 3. Nf3 d5 4. Nc3 Bb4 5. cxd5 exd5 6. Bf4 Ne4 7. Rc1 Nc6 8. Nd2 g5 9. Be3 Nxc3 10. bxc3 Bd6 11. h4 Bf4 12. c4 Bxe3 13. fxe3 Qd6 14. Qb3 Be6 15. Qxb7 Rb8 16. Qa6 Rb6 17. Qa4 Qg3+ 18. Kd1 Qxe3 19. cxd5 Bxd5 20. Rh3 Qf4 21. e3 Qf2 22. hxg5 Bxg2 23. Bxg2 Qxg2 24. Rf3 Qg1+ 25. Rf1 Qg4+ 26. Ke1 Qg3+ 27. Kd1 Qg4+ 28. Ke1 Qg3+ 29. Rf2 O-O 30. Nf1 Qd6 31. Rf6 Qd5 32. Rfxc6 Rb2 33. R6c2 Rxc2 34. Qxc2 Re8 35. Qc6 Qa5+ 36. Kf2 Re6 37. Qxc7 Qxa2+ 38. Kg1 1-0

[Event "EYTCC U18 Open 2019"]
[Site "Pardubice"]
[Date "2019.07.15"]
[Round "5.31"]
[White "Morgunov, Daniel"]
[Black "Kevlishvili, Robby"]
[Result "1/2-1/2"]
[ECO "B51"]
[WhiteElo "2316"]
[BlackElo "2480"]
[Annotator "ChessBase"]
[PlyCount "93"]
[EventDate "2019.07.11"]
[EventType "swiss"]
[EventCountry "CZE"]
[SourceTitle "playchess.com"]
[Source "ChessBase"]
[SourceQuality "1"]
[WhiteTeam "Austria"]
[BlackTeam "Netherlands"]
[WhiteTeamCountry "AUT"]
[BlackTeamCountry "NED"]
[TimeControl "40/5400+30:1800+30"]

1. e4 c5 2. Nf3 d6 3. Bb5+ Nd7 4. O-O Ngf6 5. Re1 a6 6. Bf1 b6 7. d4 cxd4 8. Nxd4 Bb7 9. f3 e6 10. c4 Be7 11. Nc3 O-O 12. Be3 Qc7 13. Qd2 Rac8 14. Rac1 Qb8 15. Qf2 Bd8 16. Kh1 Bc7 17. Red1 Rfe8 18. b3 Ne5 19. Nc2 Ned7 20. Nd4 Qa8 21. b4 d5 22. cxd5 exd5 23. exd5 Bxd5 24. Nf5 Be6 25. Nd6 Bxd6 26. Rxd6 Bc4 27. Na4 Bxf1 28. Rxf1 b5 29. Nc5 Nxc5 30. bxc5 Nd5 31. Bd4 Ne7 32. Qg3 Nf5 33. Qg5 Nxd4 34. Rxd4 h6 35. Qf5 Qc6 36. Rd5 Qe6 37. Qxe6 Rxe6 38. Rc1 Re2 39. a3 Re3 40. Kg1 Rxa3 41. c6 Re3 42. c7 Kf8 43. Rd8+ Re8 44. Rd6 Re7 45. Rd8+ Re8 46. Rd6 Re7 47. Rd8+ 1/2-1/2

[Event "EYTCC U18 Open 2019"]
[Site "Pardubice"]
[Date "2019.07.15"]
[Round "5.32"]
[White "Vrolijk, Liam"]
[Black "Morgunov, Marc"]
[Result "0-1"]
[ECO "A45"]
[WhiteElo "2478"]
[BlackElo "2314"]
[Annotator "ChessBase"]
[PlyCount "108"]
[EventDate "2019.07.11"]
[EventType "swiss"]
[EventCountry "CZE"]
[SourceTitle "playchess.com"]
[Source "ChessBase"]
[SourceQuality "1"]
[WhiteTeam "Netherlands"]
[BlackTeam "Austria"]
[WhiteTeamCountry "NED"]
[BlackTeamCountry "AUT"]
[TimeControl "40/5400+30:1800+30"]

1. d4 Nf6 2. Bg5 Ne4 3. Bf4 d5 4. e3 c5 5. Bd3 Nf6 6. dxc5 Nc6 7. Nf3 e6 8. O-O Bxc5 9. c4 dxc4 10. Bxc4 O-O 11. Nc3 a6 12. Rc1 Be7 13. Bb3 Qa5 14. h3 Rd8 15. Qe2 Bd7 16. e4 Be8 17. e5 Nd7 18. Rcd1 Nc5 19. Bc2 Qb4 20. Be3 Nd7 21. a3 Qa5 22. Bf4 Rac8 23. h4 Nf8 24. h5 h6 25. Ne4 Qb6 26. Nd6 Bxd6 27. exd6 f6 28. Be3 Qa5 29. g4 Ne5 30. Nxe5 Qxe5 31. Rfe1 Rc6 32. f4 Qa5 33. Be4 Rcxd6 34. Rxd6 Rxd6 35. Bxb7 f5 36. Bf3 fxg4 37. Bxg4 Nh7 38. Bf2 Bf7 39. Qe5 Qd8 40. Bf3 Rd3 41. Be4 Rh3 42. Bg6 Qe8 43. f5 Ng5 44. Re3 Bxg6 45. hxg6 Nf3+ 46. Rxf3 Rxf3 47. Bd4 Qe7 48. fxe6 Rf6 49. Qb8+ Rf8 50. Qe5 Re8 51. b4 Qg5+ 52. Qxg5 hxg5 53. a4 Rxe6 54. b5 Re4 0-1

[Event "EYTCC U18 Open 2019"]
[Site "Pardubice"]
[Date "2019.07.15"]
[Round "5.33"]
[White "Zarubitski, Viachaslau"]
[Black "Ivic, Velimir"]
[Result "1-0"]
[ECO "B51"]
[WhiteElo "2424"]
[BlackElo "2510"]
[Annotator "ChessBase"]
[PlyCount "99"]
[EventDate "2019.07.11"]
[EventType "swiss"]
[EventCountry "CZE"]
[SourceTitle "playchess.com"]
[Source "ChessBase"]
[SourceQuality "1"]
[WhiteTeam "Belarus"]
[BlackTeam "Serbia"]
[WhiteTeamCountry "BLR"]
[BlackTeamCountry "SRB"]
[TimeControl "40/5400+30:1800+30"]

1. e4 c5 2. Nf3 d6 3. Bb5+ Nd7 4. d4 cxd4 5. Qxd4 a6 6. Bxd7+ Bxd7 7. Nc3 e5 8. Qd3 Rc8 9. O-O h6 10. Nd2 Nf6 11. Nc4 Be6 12. Ne3 Be7 13. Rd1 O-O 14. Bd2 Qb6 15. a4 Rfe8 16. Be1 Qc6 17. f3 Bc4 18. Nxc4 Qxc4 19. Qxc4 Rxc4 20. Kf1 Rec8 21. Rd2 Kf8 22. Nd1 Nd7 23. Ne3 R4c6 24. h4 g6 25. a5 Ke8 26. b3 Nf8 27. Nc4 Ne6 28. Bf2 f5 29. Rad1 Rxc4 30. bxc4 Rxc4 31. exf5 gxf5 32. Rb1 Nd8 33. g3 h5 34. Be3 Ra4 35. Bg5 Rxa5 36. Rb6 d5 37. Rh6 Nf7 38. Rxh5 Bb4 39. Re2 Ra3 40. Kg2 Kd7 41. Bc1 Ra2 42. Rxf5 Ke6 43. g4 d4 44. Bg5 d3 45. Rf6+ Ke7 46. Rxe5+ Nxe5 47. Rxa6+ Kd7 48. Rxa2 d2 49. Ra1 Nc4 50. Kf1 1-0

[Event "EYTCC U18 Open 2019"]
[Site "Pardubice"]
[Date "2019.07.15"]
[Round "5.34"]
[White "Radovanovic, Mihajlo"]
[Black "BADELKA, Olga"]
[Result "1/2-1/2"]
[ECO "E12"]
[WhiteElo "2500"]
[BlackElo "2386"]
[Annotator "ChessBase"]
[PlyCount "88"]
[EventDate "2019.07.11"]
[EventType "swiss"]
[EventCountry "CZE"]
[SourceTitle "playchess.com"]
[Source "ChessBase"]
[SourceQuality "1"]
[WhiteTeam "Serbia"]
[WhiteTeamCountry "SRB"]
[TimeControl "40/5400+30:1800+30"]

1. d4 Nf6 2. c4 e6 3. Nf3 b6 4. a3 Bb7 5. Nc3 g6 6. Qc2 Bg7 7. e4 d6 8. Be2 O-O 9. O-O Nbd7 10. h3 c5 11. d5 a6 12. Rd1 exd5 13. exd5 Re8 14. a4 Nh5 15. g4 Nhf6 16. Bf4 Qc7 17. Bd3 h5 18. g5 Nh7 19. a5 Ne5 20. Nxe5 Bxe5 21. Bxe5 Rxe5 22. f4 Re3 23. Qf2 Rae8 24. Re1 Rxe1+ 25. Rxe1 Rxe1+ 26. Qxe1 bxa5 27. Qe3 Bc8 28. Ne2 Kf8 29. f5 Bxf5 30. Bxf5 gxf5 31. Ng3 Qe7 32. Qxe7+ Kxe7 33. h4 Nf8 34. Nxf5+ Kd7 35. Kg2 Ng6 36. Kg3 Ne5 37. Ng7 Nxc4 38. Nxh5 Nxb2 39. Nf6+ Ke7 40. h5 Nd3 41. h6 Ne5 42. Ng4 Ng6 43. Ne3 a4 44. Nc4 Nh8 1/2-1/2

[Event "EYTCC U18 Open 2019"]
[Site "Pardubice"]
[Date "2019.07.15"]
[Round "5.35"]
[White "Tsaruk, Maksim"]
[Black "Budisavljevic, Luka"]
[Result "1-0"]
[ECO "B41"]
[WhiteElo "2230"]
[BlackElo "2351"]
[Annotator "ChessBase"]
[PlyCount "153"]
[EventDate "2019.07.11"]
[EventType "swiss"]
[EventCountry "CZE"]
[SourceTitle "playchess.com"]
[Source "ChessBase"]
[SourceQuality "1"]
[WhiteTeam "Belarus"]
[BlackTeam "Serbia"]
[WhiteTeamCountry "BLR"]
[BlackTeamCountry "SRB"]
[TimeControl "40/5400+30:1800+30"]

1. e4 c5 2. Nf3 e6 3. d4 cxd4 4. Nxd4 a6 5. c4 Nf6 6. Nc3 Qc7 7. a3 b6 8. Be3 Bb7 9. f3 Be7 10. Rc1 O-O 11. Be2 d6 12. O-O Nbd7 13. b4 Rac8 14. Qd2 Qb8 15. Kh1 Rfe8 16. Nb3 Ne5 17. Na4 Nfd7 18. Nd4 h5 19. Bg5 Bf8 20. Rfd1 Ng6 21. Bf1 Ba8 22. Qf2 d5 23. cxd5 exd5 24. exd5 Rxc1 25. Bxc1 Bxd5 26. Bxa6 Nf6 27. Nc3 Ba8 28. Bb5 Rc8 29. Nce2 Bd6 30. h3 Be5 31. Nf5 Rd8 32. Rxd8+ Qxd8 33. Be3 Qd5 34. a4 Bc7 35. Ned4 Qe5 36. Kg1 Nd5 37. Bd2 Qh2+ 38. Kf1 Bf4 39. Be1 Be5 40. Ne2 Bb8 41. Qd4 Nf6 42. Neg3 Nf4 43. Qg1 Qxg1+ 44. Kxg1 g6 45. Ne3 Be5 46. Ne2 Ne6 47. Nc4 Bc7 48. Nc3 Nd4 49. Bf2 Nc2 50. Nxb6 Bxb6 51. Bxb6 Nxb4 52. Bd4 Nfd5 53. Nxd5 Nxd5 54. a5 Nc7 55. Bc4 Bb7 56. h4 Ba6 57. Bxa6 Nxa6 58. Kf2 Kf8 59. Ke3 Ke7 60. Bb2 Ke6 61. Kd4 Kd6 62. Ba3+ Ke6 63. Kc4 Kd7 64. Kd5 Nc7+ 65. Ke5 Ne8 66. a6 Kc6 67. a7 Kb7 68. Bc5 Ka8 69. Bf2 Kb7 70. Kd5 Nf6+ 71. Kd6 Ng8 72. Kd7 f6 73. Ke6 g5 74. Kf7 Nh6+ 75. Kg7 Nf5+ 76. Kxf6 Nxh4 77. Bxh4 1-0

[Event "EYTCC U18 Open 2019"]
[Site "Pardubice"]
[Date "2019.07.15"]
[Round "5.36"]
[White "Omorjan, Dejan"]
[Black "Runets, Ivan"]
[Result "0-1"]
[ECO "A46"]
[WhiteElo "2317"]
[BlackElo "2239"]
[Annotator "NA"]
[PlyCount "116"]
[EventDate "2019.07.11"]
[EventType "swiss"]
[EventCountry "CZE"]
[SourceTitle "playchess.com"]
[Source "ChessBase"]
[SourceQuality "1"]
[WhiteTeam "Serbia"]
[BlackTeam "Belarus"]
[WhiteTeamCountry "SRB"]
[BlackTeamCountry "BLR"]
[TimeControl "40/5400+30:1800+30"]

1. d4 Nf6 2. Nf3 e6 3. Bf4 b6 4. e3 Bb7 5. c4 Be7 6. Nc3 Nh5 7. Bg3 d6 8. Qc2 Nd7 9. Rd1 h6 10. b4 O-O 11. c5 bxc5 12. bxc5 Qc8 13. Be2 a6 14. O-O Nxg3 15. hxg3 dxc5 16. d5 exd5 17. Nxd5 Bxd5 18. Rxd5 Nb6 19. Re5 Bd6 20. Rh5 Re8 21. Bd3 Qe6 22. Nd2 a5 23. Nc4 Nd5 24. Bf5 Nb4 25. Bxe6 Nxc2 26. Bd5 Rad8 27. a3 g6 28. Rh3 Bf8 29. Bc6 Re6 30. Ba4 Re4 31. Bb3 a4 32. f3 Nxe3 33. Nxe3 Rxe3 34. Bxa4 Rxa3 35. Bb5 Rb3 36. Bc4 Rb4 37. Rc1 Rd2 38. Rh4 Rd4 39. Re4 Kg7 40. g4 Bd6 41. Kf2 f5 42. gxf5 gxf5 43. Rxd4 cxd4 44. Bd3 Kf6 45. g4 Rb2+ 46. Rc2 Rxc2+ 47. Bxc2 fxg4 48. fxg4 c5 49. Bb3 Ke5 50. Ke2 Ke4 51. Bc4 Be7 52. Bb5 Kf4 53. Bd7 c4 54. Bb5 c3 55. Bd7 c2 56. Kd2 d3 57. Bf5 Bb4+ 58. Kc1 Ba3+ 0-1

[Event "EYTCC U18 Open 2019"]
[Site "Pardubice"]
[Date "2019.07.16"]
[Round "6.1"]
[White "Erenberg, Ariel"]
[Black "Ivic, Velimir"]
[Result "1/2-1/2"]
[ECO "A05"]
[WhiteElo "2442"]
[BlackElo "2510"]
[Annotator "ChessBase"]
[PlyCount "61"]
[EventDate "2019.07.11"]
[EventType "swiss"]
[EventCountry "CZE"]
[SourceTitle "playchess.com"]
[Source "ChessBase"]
[SourceQuality "1"]
[WhiteTeam "Israel"]
[BlackTeam "Serbia"]
[WhiteTeamCountry "ISR"]
[BlackTeamCountry "SRB"]
[TimeControl "40/5400+30:1800+30"]

1. Nf3 Nf6 2. c4 g6 3. Nc3 Bg7 4. e4 e5 5. d4 exd4 6. Nxd4 O-O 7. Be3 Re8 8. Bd3 c6 9. O-O d5 10. cxd5 cxd5 11. exd5 Nxd5 12. Nxd5 Qxd5 13. Be2 a6 14. Bf3 Qd6 15. Rc1 Nd7 16. Qa4 Nf6 17. h3 Bd7 18. Qb3 Rac8 19. Rxc8 Bxc8 20. Rd1 Qe7 21. Ne2 b5 22. Nf4 Bb7 23. Bxb7 Qxb7 24. a4 Qc6 25. axb5 Qxb5 26. Qxb5 axb5 27. Nd5 Nxd5 28. Rxd5 Bxb2 29. Rxb5 Bc1 30. Bxc1 Re1+ 31. Kh2 1/2-1/2

[Event "EYTCC U18 Open 2019"]
[Site "Pardubice"]
[Date "2019.07.16"]
[Round "6.2"]
[White "Radovanovic, Mihajlo"]
[Black "Bronstein, Or"]
[Result "1-0"]
[ECO "A00"]
[WhiteElo "2500"]
[BlackElo "2378"]
[Annotator "ChessBase"]
[PlyCount "67"]
[EventDate "2019.07.11"]
[EventType "swiss"]
[EventCountry "CZE"]
[SourceTitle "playchess.com"]
[Source "ChessBase"]
[SourceQuality "1"]
[WhiteTeam "Serbia"]
[BlackTeam "Israel"]
[WhiteTeamCountry "SRB"]
[BlackTeamCountry "ISR"]
[TimeControl "40/5400+30:1800+30"]

1. g3 c5 2. Bg2 g6 3. d3 Bg7 4. e4 Nc6 5. f4 d6 6. Nf3 Nf6 7. O-O O-O 8. Nc3 Rb8 9. a4 a6 10. h3 b5 11. axb5 axb5 12. g4 b4 13. Ne2 Nd7 14. Qe1 Bb7 15. h4 Qb6 16. Be3 Bxb2 17. Rb1 Bg7 18. h5 Ra8 19. hxg6 hxg6 20. Qh4 Rfe8 21. Ng5 Nf6 22. e5 dxe5 23. Bd5 e6 24. fxe5 Nxe5 25. Bxb7 Qxb7 26. Rxf6 Bxf6 27. Qh7+ Kf8 28. Bxc5+ Re7 29. Rf1 Ke8 30. Ne4 Qc6 31. Nd4 Nf3+ 32. Nxf3 Bb2 33. Bxe7 Kxe7 34. Qxf7+ 1-0

[Event "EYTCC U18 Open 2019"]
[Site "Pardubice"]
[Date "2019.07.16"]
[Round "6.3"]
[White "GORSHTEIN, Ido"]
[Black "Budisavljevic, Luka"]
[Result "0-1"]
[ECO "B44"]
[WhiteElo "2367"]
[BlackElo "2351"]
[Annotator "NA"]
[PlyCount "90"]
[EventDate "2019.07.11"]
[EventType "swiss"]
[EventCountry "CZE"]
[SourceTitle "playchess.com"]
[Source "ChessBase"]
[SourceQuality "1"]
[BlackTeam "Serbia"]
[BlackTeamCountry "SRB"]
[TimeControl "40/5400+30:1800+30"]

1. e4 c5 2. Nf3 e6 3. d4 cxd4 4. Nxd4 Nc6 5. Nb5 d6 6. c4 Nf6 7. N5c3 Be7 8. Be2 O-O 9. O-O b6 10. Be3 Bb7 11. a3 Rc8 12. Nd2 d5 13. cxd5 exd5 14. exd5 Nxd5 15. Nxd5 Qxd5 16. Bf3 Qb5 17. b4 Rfd8 18. Qb1 Ba8 19. Be4 g6 20. Nf3 Bf6 21. Ra2 Nd4 22. Bxd4 Bxd4 23. Bxa8 Rxa8 24. Rd2 Bc3 25. Rxd8+ Rxd8 26. Rd1 Rxd1+ 27. Qxd1 Bf6 28. Qc2 Kg7 29. g3 h5 30. h4 Qd5 31. Nd2 Qe5 32. Nc4 Qd4 33. b5 Qc5 34. Qb3 Bd4 35. Ne3 Qc1+ 36. Kg2 Qd2 37. Kf3 Kg8 38. Nd1 Qe1 39. a4 Qh1+ 40. Ke2 Qe4+ 41. Kf1 Qh1+ 42. Ke2 Qe4+ 43. Kf1 Bc5 44. Nb2 Qb1+ 45. Ke2 Bd4 0-1

[Event "EYTCC U18 Open 2019"]
[Site "Pardubice"]
[Date "2019.07.16"]
[Round "6.4"]
[White "Omorjan, Dejan"]
[Black "Emanuel, Yahav"]
[Result "1/2-1/2"]
[ECO "A05"]
[WhiteElo "2317"]
[BlackElo "2359"]
[Annotator "NA"]
[PlyCount "95"]
[EventDate "2019.07.11"]
[EventType "swiss"]
[EventCountry "CZE"]
[SourceTitle "playchess.com"]
[Source "ChessBase"]
[SourceQuality "1"]
[WhiteTeam "Serbia"]
[BlackTeam "Israel"]
[WhiteTeamCountry "SRB"]
[BlackTeamCountry "ISR"]
[TimeControl "40/5400+30:1800+30"]

1. Nf3 Nf6 2. e3 e6 3. b3 d5 4. c4 Bd6 5. Bb2 O-O 6. Be2 b6 7. O-O Bb7 8. d3 c5 9. Nc3 Nbd7 10. Rc1 Rc8 11. cxd5 exd5 12. d4 Qe7 13. Bb5 Rfd8 14. Qe2 Ne4 15. Ba6 Bxa6 16. Qxa6 Ndf6 17. Qe2 Bb8 18. g3 Rc6 19. dxc5 bxc5 20. Rfd1 Re6 21. Nxe4 Nxe4 22. Ba3 Rf6 23. Bb2 Rh6 24. Nd2 Ng5 25. Qg4 Ra6 26. a3 g6 27. h4 Ne6 28. Qf3 f5 29. Nf1 Qb7 30. b4 cxb4 31. axb4 Rad6 32. Bf6 Rf8 33. Be5 Rd7 34. Bc3 Bc7 35. Rd3 Rfd8 36. Rcd1 Bb6 37. Bf6 Rf8 38. Bc3 Rfd8 39. Bf6 Rf8 40. Bc3 Qc6 41. Qg2 Rc8 42. Ba1 Qa4 43. Qf3 Rcd8 44. Bf6 Rf8 45. Bc3 Rfd8 46. Bf6 Rf8 47. Bc3 Rfd8 48. Bf6 1/2-1/2

[Event "EYTCC U18 Open 2019"]
[Site "Pardubice"]
[Date "2019.07.16"]
[Round "6.5"]
[White "Jakab, Bela"]
[Black "Gumularz, Szymon"]
[Result "1/2-1/2"]
[ECO "B06"]
[WhiteElo "2278"]
[BlackElo "2502"]
[Annotator "ChessBase"]
[PlyCount "70"]
[EventDate "2019.07.11"]
[EventType "swiss"]
[EventCountry "CZE"]
[SourceTitle "playchess.com"]
[Source "ChessBase"]
[SourceQuality "1"]
[WhiteTeam "Slovakia"]
[BlackTeam "Poland"]
[WhiteTeamCountry "SVK"]
[BlackTeamCountry "POL"]
[TimeControl "40/5400+30:1800+30"]

1. e4 g6 2. d4 Bg7 3. Nc3 c6 4. Be3 d5 5. e5 Qb6 6. Bd3 f6 7. Nge2 Nh6 8. Qd2 Nf5 9. exf6 Bxf6 10. Bg5 O-O 11. Bxf6 Rxf6 12. Bxf5 Bxf5 13. O-O-O Nd7 14. Qg5 Qa5 15. g4 Be6 16. f4 b5 17. f5 Bf7 18. fxg6 hxg6 19. h4 b4 20. Nb1 Nf8 21. Rdf1 Nh7 22. Qe3 c5 23. dxc5 Rc8 24. Rxf6 exf6 25. g5 Qxc5 26. Qd2 fxg5 27. hxg5 d4 28. Nxd4 Qxg5 29. Qxg5 Nxg5 30. a3 a5 31. axb4 axb4 32. Nd2 Ne6 33. Nxe6 Bxe6 34. Rh4 Rb8 35. Ne4 Bf5 1/2-1/2

[Event "EYTCC U18 Open 2019"]
[Site "Pardubice"]
[Date "2019.07.16"]
[Round "6.6"]
[White "Teclaf, Pawel"]
[Black "Bugar, Peter"]
[Result "1-0"]
[ECO "C02"]
[WhiteElo "2454"]
[BlackElo "2002"]
[Annotator "ChessBase"]
[PlyCount "51"]
[EventDate "2019.07.11"]
[EventType "swiss"]
[EventCountry "CZE"]
[SourceTitle "playchess.com"]
[Source "ChessBase"]
[SourceQuality "1"]
[WhiteTeam "Poland"]
[BlackTeam "Slovakia"]
[WhiteTeamCountry "POL"]
[BlackTeamCountry "SVK"]
[TimeControl "40/5400+30:1800+30"]

1. e4 e6 2. d4 d5 3. e5 c5 4. c3 Nc6 5. Nf3 Bd7 6. Be2 Nge7 7. O-O Ng6 8. g3 Be7 9. h4 O-O 10. h5 Nh8 11. h6 g6 12. dxc5 Bxc5 13. Bg5 Be7 14. Bxe7 Qxe7 15. c4 d4 16. Nbd2 f6 17. exf6 Qxf6 18. Ne4 Qf5 19. Nfg5 e5 20. c5 Na5 21. b4 Bc6 22. Bg4 Ba4 23. Bxf5 Bxd1 24. Be6+ Rf7 25. Raxd1 Nc6 26. Nxf7 1-0